 Dungeon Crawl Stone Soup version 0.19-a0-1225-gf887c1c (webtiles) character file.

267173 PurpleRed the Sorcerer (level 18, -1/94 (95) HPs)
             Began as a Deep Elf Conjurer on Aug 24, 2016.
             Was the Champion of Vehumet.
             Engulfed by a cloud of freezing vapour (33 damage)
             ... on level 3 of the Vaults on Aug 25, 2016.
             The game lasted 04:18:46 (14359 turns).

PurpleRed the Sorcerer (Deep Elf Conjurer)         Turns: 14359, Time: 04:18:47

HP:   -1/94 (95)    AC: 18    Str:  5    XL:     18   Next: 90%
MP:   40/56         EV: 18    Int: 31    God:    Vehumet [******]
Gold: 1484          SH: 14    Dex: 15    Spells: 14 memorised, 4 levels left

rFire  + + .     SeeInvis .     a - staff of energy
rCold  x x .     Gourm    .     Y - +2 robe {Archmagi}
rNeg   . . .     Faith    .     P - +1 buckler {AC+3}
rPois  .         Spirit   .     B - +1 helmet
rElec  .         Dismiss  .     X - +2 cloak {MR+}
rCorr  .         Reflect  +     S - +2 pair of gloves
MR     ++...     Harm     .     i - +2 pair of boots
Stlth  ++........               v - brooch of Shielding {Reflect SH+8}
                                y - ring of magical power
                                J - ring of Yfiadgh {Wiz Int+2 Slay+2}

@: immune to fire clouds (expiring), studying Spellcasting
A: blurry vision 1
a: Renounce Religion
}: 3/15 runes: decaying, serpentine, slimy


You were on level 3 of the Vaults.
You worshipped Vehumet.
Vehumet was exalted by your worship.
You were full.

You visited 9 branches of the dungeon, and saw 41 of its levels.
You also visited: Ossuary and Bailey.

You collected 2672 gold pieces.
You spent 1188 gold pieces at shops.

Inventory:

Hand Weapons
 c - a +2 mace of protection
Armour
 f - a +1 buckler of cold resistance
 i - a +2 pair of boots (worn)
 B - a +1 helmet (worn)
 C - the +2 leather armour of Wiocronir {-Tele +Fly rPois Regen+}
   (You found it on level 3 of the Elven Halls)

   It protects you from poison.
   It lets you fly.
   It prevents most forms of teleportation.
   It increases your rate of regeneration.
 H - a +2 robe of magic resistance
 P - a +1 buckler of protection (worn)
 Q - the +3 leather armour of the Land of Plenty {+Blink rF+ Dex+2 SInv}
   (You found it on level 5 of the Pits of Slime)

   It affects your dexterity (+2).
   It protects you from fire.
   It lets you see invisible.
   It lets you blink.
 S - a +2 pair of gloves (worn)
 X - a +2 cloak of magic resistance (worn)
 Y - a +2 robe of the Archmagi (worn)
Magical Staves
 a - an uncursed staff of energy (weapon)
 b - an uncursed staff of power
Jewellery
 s - an uncursed amulet of the gourmand
 v - the brooch of Shielding (around neck) {Reflect SH+8}
   (You took it off a deep elf sorcerer on level 3 of the Elven Halls)

   [amulet of reflection]

   It shields you and reflects attacks.
   It affects your SH (+8).
 y - a ring of magical power (right hand)
 z - the ring "Ylyilesk" {-Tele rElec rF+ Str+5 SInv}
   (You found it on level 3 of the Elven Halls)

   [ring of strength]

   It affects your strength (+5).
   It protects you from fire.
   It insulates you from electricity.
   It lets you see invisible.
   It prevents most forms of teleportation.
 E - the ring of the Illusory Realms {Ice -Tele rN++ Dex+5 Stlth-}
   (You found it on level 3 of the Elven Halls)

   [ring of ice]

   It enhances your ice magic.
   It affects your dexterity (+5).
   It makes you vulnerable to fire.
   It protects you from cold.
   It greatly protects you from negative energy.
   It prevents most forms of teleportation.
   It makes you less stealthy.
 F - the ring "Ihedejong" {*Corrode +Fly rPois Str+3 Int+5}
   (You found it on level 3 of the Elven Halls)

   [ring of poison resistance]

   It affects your strength (+3).
   It affects your intelligence (+5).
   It protects you from poison.
   It lets you fly.
   It may corrode you when you take damage.
 J - the ring of Yfiadgh (left hand) {Wiz Int+2 Slay+2}
   (You found it on level 3 of the Elven Halls)

   [ring of wizardry]

   It improves your spell success rate.
   It affects your intelligence (+2).
   It affects your accuracy and damage with ranged weapons and melee attacks
   (+2).
 W - the amulet of Vitality {Regen+ HP+15}
   (You found it on level 3 of the Elven Halls)

   [amulet of regeneration]

   It affects your health (+15).
   It increases your rate of regeneration.
Wands
 D - a wand of disintegration (3/24)
 Z - a wand of digging (24/24)
Scrolls
 g - a scroll of blinking
 h - 3 scrolls of amnesia
 j - 6 scrolls of remove curse
 p - 4 scrolls of immolation
 L - a scroll of identify
 M - 6 scrolls of teleportation
 N - a scroll of magic mapping
 R - 2 scrolls of fog
 U - a scroll of fear
Potions
 m - 3 potions of agility
 n - a potion of resistance
 o - a potion of haste
 q - 6 potions of curing
 t - a potion of heal wounds
 w - 2 potions of cure mutation
 x - a potion of ambrosia
 O - 2 potions of magic
 T - 3 potions of cancellation
Books
 d - a book of the Warp

   Spells                             Type                      Level
   a - Gell's Gravitas                Hexes/Translocation          3
   b - Force Lance                    Conjuration/Translocation    4
   c - Summon Forest                  Summoning/Translocation      5
   d - Dispersal                      Translocation                6
   e - Controlled Blink               Translocation                8
   f - Disjunction                    Translocation                8
 r - a manual of Spellcasting
Miscellaneous
 e - a phial of floods
 G - a fan of gales
 I - a phantom mirror
Comestibles
 k - 6 bread rations
 l - 10 meat rations
 K - 20 fruits


   Skills:
 - Level 4.5 Fighting
 - Level 8.5 Dodging
 - Level 2.4 Stealth
 - Level 4.1 Shields
 + Level 23.2 Spellcasting
 - Level 20.0 Conjurations
 - Level 7.0 Charms
 - Level 5.9 Translocations
 * Level 17.7 Fire Magic
 - Level 8.7 Evocations


You had 4 spell levels left.
You knew the following spells:

 Your Spells              Type           Power        Failure   Level  Hunger
a - Magic Dart            Conj           ####         0%          1    None
b - Searing Ray           Conj           ######       0%          2    None
c - Iskenderun's Mystic   Conj           ########     0%          4    None
d - Iskenderun's Battles  Conj/Chrm      ########     1%          5    None
e - Bolt of Fire          Conj/Fire      ########..   1%          6    None
f - Fire Storm            Conj/Fire      ########..   3%          9    None
g - Passage of Golubria   Tloc           N/A          1%          4    None
h - Throw Flame           Conj/Fire      ######       0%          2    None
i - Delayed Fireball      Conj/Fire      N/A          1%          7    None
j - Ring of Flames        Chrm/Fire      ########..   2%          7    None
k - Passwall              Tmut/Erth      ######....   1%          2    None
l - Apportation           Tloc           #######...   1%          1    None
m - Deflect Missiles      Chrm/Air       ######....   14%         6    None
r - Regeneration          Chrm/Necr      ######....   1%          3    None


Dungeon Overview and Level Annotations

Branches:
Dungeon (13/15)            Temple (1/1) D:6            Lair (6/6) D:10
  Swamp (4/4) Lair:2        Snake (4/4) Lair:3        Slime (5/5) Lair:6
    Orc (2/2) D:12            Elf (3/3) Orc:2        Vaults (3/5) D:13
  Crypt (0/3) Vaults:3

Altars:
Ashenzari
Cheibriados
Dithmenos
Elyvilon
Fedhas
Nemelex Xobeh
Okawaru
Qazlal
Uskayaw
Vehumet

Shops:
Orc:1 [[   Orc:2 *[!}

Portals:
Pandemonium: Orc:2
Bazaar: Vaults:3
Trove: Elf:3 (give +5 fire dragon armour)

Annotations:
D:3 PurpleRed's ghost, weakling DEFE
D:11 Guenter's ghost, journeyman HaFi
Elf:2 3 runed doors


Innate Abilities, Weirdness & Mutations

You are immune to clouds of flame.
Scrolls take you a little longer to read.


Message History

Your fire vortex is engulfed in freezing vapours.
Your fire vortex dissipates!
You enter the shallow water.
Moving in this stuff is going to be slow.
You are engulfed in freezing vapours.
A stone giant comes into view.
Casting: Ring of Flames
Confirm with . or Enter, or press ? or * to list all spells.
Aiming: Fire Storm
Press: ? - help, Dir - move target cursor, f - stone giant
Aim: a stone giant (hasn't noticed you)
You feel a strong surge of power!
A raging storm of fire appears!
The great blast of fire engulfs the stone giant.
You kill the stone giant!
Vehumet accepts your kill.
You feel your power returning.
You are engulfed in freezing vapours.
Your ring of flames is guttering out.
There is a flickering gateway to a bazaar here.
You are engulfed in freezing vapours.
You die...

######'#)#####*
#......).....*
#............*
#..§§........#
#.§§.........#
#§..§§§......#
#§§§§§§......#
#§§§§§.......*
#§§@§§.......*
#§§§§§.......*
#.§§.v.......*
#.§§§§v......*
#.§.§§§......*
####§######+********
*,.§# *,,,,,,,+,,,,
***,,.#**,,,,,,,*,,,,
*,,,,,,,*,,,,,,,*,,,,


You could see 2 friendly fire vortices.

Vanquished Creatures
  the Royal Jelly (Slime:5)
  A lich (Vaults:2)
  2 deep elf blademasters (Elf:3)
  4 deep elf master archers (Elf:3)
  16 acid blobs
  A thorn hunter (Swamp:2)
  5 greater nagas (Snake:4)
  A storm dragon (Vaults:2)
  Agnes (Lair:3)
  16 azure jellies
  A frost giant (Vaults:2)
  5 deep elf sorcerers (Elf:3)
  2 vault wardens
  Louise (Swamp:2)
  4 deep elf elementalists (Elf:3)
  4 ironheart preservers
  A very ugly thing (Vaults:2)
  A war gargoyle (Vaults:2)
  6 deep elf demonologists (Elf:3)
  A stone giant (Vaults:3)
  3 deep elf annihilators (Elf:3)
  5 deep elf death magi (Elf:3)
  An ettin (Vaults:2)
  10 death oozes (Slime:5)
  2 yaktaur captains
  4 deep elf high priests (Elf:3)
  12 hydras
  6 naga warriors
  3 great orbs of eyes
  3 ghost crabs
  2 alligators
  4 vault guards (D:13)
  A catoblepas (Lair:6)
  A centaur warrior (Vaults:2)
  The ghost of cykablyat the Destroyer, a journeyman OpCj of Vehumet (D:10)
  9 dancing weapons
  5 death yaks
  2 ogre magi (Vaults:2)
  9 naga sharpshooters
  5 orc high priests (Orc:2)
  9 deep elf knights
  A salamander mystic (Snake:2)
  5 skeletal warriors (Vaults:2)
  3 infernal demonspawn (Orc:2)
  5 deep trolls (Vaults:2)
  3 spriggan druids
  A giant orange brain (Slime:4)
  5 deep elf archers
  2 hill giants (D:10)
  A torturous demonspawn (Orc:2)
  7 swamp dragons
  3 ironbrand convokers (Vaults:2)
  4 lindwurms (Lair:4)
  3 naga ritualists (Snake:4)
  A shambling mangrove (Swamp:2)
  A wizard (Vaults:3)
  20 deep elf magi
  6 orc sorcerers (Orc:2)
  5 orc knights
  A wolf spider (Vaults:2)
  A mana viper (Snake:4)
  An orb spider (shapeshifter) (Elf:2)
  4 shining eyes
  3 hornets
  7 ugly things
  8 black mambas
  4 salamanders
  An ice statue (Lair:3)
  4 eyes of devastation
  2 guardian serpents
  A rust devil (Orc:2)
  3 orange demons (Orc:2)
  9 spiny frogs
  15 naga magi
  2 vault sentinels
  5 komodo dragons
  6 rime drakes
  2 rime drakes (shapeshifter) (Vaults:2)
  A freezing wraith (Lair:3)
  3 trolls
  6 yaktaurs (Vaults:1)
  A queen bee (shapeshifter) (Elf:1)
  A meliai (shapeshifter) (D:13)
  4 two-headed ogres
  5 giant leeches
  56 slime creatures
  A wind drake (shapeshifter) (Vaults:2)
  2 boulder beetles
  14 blink frogs
  5 bog bodies
  Sigmund (D:6)
  4 spriggans
  4 air elementals
  3 water elementals
  A ynoxinul (Orc:2)
  A chaos spawn (Orc:2)
  A human (D:8)
  4 fire elementals
  A hog (D:8)
  22 yaks
  2 steam dragons
  A basilisk (Lair:1)
  3 golden eyes (Slime:1)
  13 vampire mosquitoes
  A human simulacrum (Vaults:2)
  2 hippogriffs
  A soldier ant (D:13)
  2 mottled dragons (Vaults:2)
  4 wargs
  11 swamp worms
  23 nagas
  9 water moccasins
  5 porcupines
  29 orc warriors
  2 black bears
  6 ice beasts (Lair:3)
  2 necrophages
  3 sky beasts
  8 swamp drakes
  A phantom (D:13)
  7 wasps
  6 wolves (Lair:6)
  3 eyes of draining
  7 ogres
  2 boggarts
  7 crocodiles
  2 big kobolds
  3 giant frogs
  A glowing shapeshifter simulacrum (Vaults:1)
  An earth elemental (Elf:1)
  A water moccasin skeleton (D:8)
  9 killer bees
  8 wights
  2 howler monkeys
  5 electric eels
  2 crimson imps
  A wasp zombie (D:9)
  A quasit (D:10)
  2 jellies
  A giant frog skeleton (D:9)
  6 hounds
  13 orc wizards
  26 orc priests
  4 centaur skeletons
  7 iguanas
  3 worker ants
  A big kobold zombie (Ossuary)
  23 sheep
  5 mummies
  10 gnolls
  A howler monkey skeleton (D:10)
  8 adders
  31 river rats
  A shadow imp (D:11)
  6 white imps (Lair:3)
  An ooze (D:2)
  2 giant geckos
  48 orcs
  3 bats
  7 goblins
  9 hobgoblins
  7 jackals
  2 quokkas (D:6)
  A ball python (D:2)
  A giant newt (D:1)
  A gnoll zombie (Ossuary)
  A goblin zombie (Ossuary)
  A hobgoblin zombie (Ossuary)
  A jackal skeleton (D:6)
  20 kobolds
  A kobold zombie (Ossuary)
  2 orc zombies (Ossuary)
  4 rats
923 creatures vanquished.

Vanquished Creatures (collateral kills)
  A skeletal warrior (Vaults:2)
  A slime creature (Vaults:2)
2 creatures vanquished.

Vanquished Creatures (others)
  A bush (Lair:4)
  20 fire vortices
  9 fungi
  4 plants
34 creatures vanquished.

Grand Total: 959 creatures vanquished

Notes
Turn   | Place    | Note
-------+----------+-------------------------------------------
     0 | D:1      | PurpleRed the Deep Elf Conjurer began the quest for the Orb.
     0 | D:1      | Reached XP level 1. HP: 10/10 MP: 6/6
    87 | D:1      | Reached XP level 2. HP: 15/15 MP: 0/8
    91 | D:1      | Learned a level 2 spell: Searing Ray
   266 | D:2      | Reached skill level 5 in Conjurations
   337 | D:2      | Reached XP level 3. HP: 13/19 MP: 5/10
   476 | D:3      | Noticed PurpleRed's ghost (weakling DEFE)
   514 | D:3      | Reached skill level 4 in Spellcasting
   564 | D:3      | Reached XP level 4. HP: 18/24 MP: 7/12
   569 | D:3      | Found a faded altar of an unknown god.
   620 | D:3      | Found a snail-covered altar of Cheibriados.
   627 | D:3      | Found a stormy altar of Qazlal.
   677 | D:5      | Entered Level 5 of the Dungeon
   702 | D:5      | Noticed a centaur
   716 | D:4      | Reached XP level 5. HP: 15/28 MP: 3/14
   725 | D:4      | Learned a level 4 spell: Iskenderun's Mystic Blast
   731 | D:4      | Learned a level 5 spell: Iskenderun's Battlesphere
   767 | D:5      | Reached skill level 1 in Charms
   783 | D:6      | Found a staircase to the Ecumenical Temple.
   789 | Temple   | Entered the Ecumenical Temple
   801 | Temple   | Became a worshipper of Vehumet
   830 | D:5      | Noticed a sky beast
   838 | D:6      | Killed a sky beast
   838 | D:6      | Reached skill level 5 in Spellcasting
   838 | D:6      | Reached XP level 6. HP: 7/32 MP: 4/15
   881 | D:6      | Noticed Sigmund
   912 | D:6      | Killed Sigmund
   996 | D:6      | Reached XP level 7. HP: 8/36 MP: 7/17
  1002 | D:6      | Reached skill level 6 in Spellcasting
  1020 | D:6      | Found a stormy altar of Qazlal.
  1206 | D:8      | Found a sand-covered staircase.
  1210 | D:8      | HP: 1/36 [mummy (8)]
  1214 | Ossuary  | Entered an ossuary
  1411 | Ossuary  | Reached * piety under Vehumet
  1411 | Ossuary  | Offered knowledge of Sting by Vehumet.
  1563 | D:8      | Reached skill level 5 in Charms
  1567 | D:8      | Reached XP level 8. HP: 21/41 MP: 3/20
  1646 | D:8      | Reached skill level 7 in Spellcasting
  1799 | D:8      | HP: 1/41 [hog (7)]
  1948 | D:9      | Reached skill level 10 in Conjurations
  1952 | D:9      | Noticed a troll
  2031 | D:9      | Killed a troll
  2031 | D:9      | Reached skill level 1 in Fighting
  2031 | D:9      | Reached skill level 8 in Spellcasting
  2037 | D:9      | Reached XP level 9. HP: 47/47 MP: 1/23
  2166 | D:10     | Entered Level 10 of the Dungeon
  2232 | D:9      | Noticed a troll
  2241 | D:9      | Killed a troll
  2243 | D:9      | Reached ** piety under Vehumet
  2246 | D:9      | Offered knowledge of Throw Frost by Vehumet.
  2429 | D:10     | Found a staircase to the Lair.
  2430 | D:10     | Noticed a hill giant
  2432 | D:10     | Upgraded the game from 0.19-a0-1223-gf83d13a to 0.19-a0-1225-gf887c1c
  2440 | D:10     | Reached skill level 9 in Spellcasting
  2452 | D:10     | Killed a hill giant
  2571 | D:10     | Noticed a troll
  2576 | D:10     | Killed a troll
  2603 | D:10     | Noticed a hill giant
  2607 | D:10     | Killed a hill giant
  2607 | D:10     | Reached XP level 10. HP: 31/56 MP: 4/25
  2650 | D:10     | Noticed cykablyat's ghost (journeyman OpCj)
  2660 | D:10     | Killed cykablyat's ghost
  2660 | D:10     | Reached skill level 10 in Spellcasting
  2788 | D:10     | Offered knowledge of Throw Flame by Vehumet.
  2792 | D:10     | Learned a level 2 spell: Throw Flame
  3028 | D:12     | Reached skill level 1 in Fire Magic
  3080 | D:12     | Reached *** piety under Vehumet
  3155 | D:12     | Found a flagged portal.
  3163 | D:12     | Found a staircase to the Orcish Mines.
  3173 | Bailey   | Entered a bailey
  3225 | Bailey   | Offered knowledge of Ignite Poison by Vehumet.
  3385 | Bailey   | Got a shimmering scale mail
  3421 | D:12     | Reached **** piety under Vehumet
  3500 | D:12     | Noticed a brown ugly thing
  3506 | D:12     | Killed a brown ugly thing
  3506 | D:12     | Reached skill level 11 in Spellcasting
  3558 | D:11     | Noticed Guenter's ghost (journeyman HaFi)
  3631 | Lair:1   | Entered Level 1 of the Lair of Beasts
  3687 | D:10     | Identified the +6 scale mail of the Pink Corner {rElec Int+4} (You took it off a kobold in a bailey)
  3733 | Lair:1   | Reached skill level 5 in Fire Magic
  3736 | Lair:1   | Reached XP level 11. HP: 33/62 MP: 14/28
  3842 | Lair:2   | Offered knowledge of Lightning Bolt by Vehumet.
  3863 | Lair:3   | Found a staircase to the Snake Pit.
  4121 | Lair:4   | Noticed a lindwurm
  4126 | Lair:4   | Noticed a lindwurm
  4127 | Lair:4   | Noticed a lindwurm
  4127 | Lair:4   | Noticed a lindwurm
  4128 | Lair:4   | Killed a lindwurm
  4134 | Lair:4   | Killed a lindwurm
  4151 | Lair:4   | Killed a lindwurm
  4165 | Lair:4   | Killed a lindwurm
  4180 | Lair:4   | Got a pair of ichor-stained boots
  4226 | Lair:4   | Identified the cursed +0 pair of boots of the Lute {+Blink rPois MR-} (You found it on level 4 of the Lair of Beasts)
  4295 | Lair:5   | Reached skill level 12 in Spellcasting
  4310 | Lair:5   | Reached skill level 1 in Evocations
  4383 | Lair:5   | Identified The Foundations of Magic
  4390 | Lair:5   | Learned a level 4 spell: Passage of Golubria
  4462 | Lair:6   | Entered Level 6 of the Lair of Beasts
  4462 | Lair:6   | Noticed an eight-headed hydra
  4489 | Lair:6   | Killed an eight-headed hydra
  4538 | Lair:6   | Reached ***** piety under Vehumet
  4567 | Lair:6   | Offered knowledge of Bolt of Magma by Vehumet.
  4574 | Lair:6   | Learned a level 5 spell: Bolt of Magma
  4694 | Lair:6   | Noticed a death yak
  4695 | Lair:6   | Noticed a death yak
  4707 | Lair:6   | Noticed a death yak
  4707 | Lair:6   | Noticed a death yak
  4708 | Lair:6   | Killed a death yak
  4708 | Lair:6   | Reached XP level 12. HP: 24/67 MP: 22/30
  4798 | Lair:5   | Noticed a seven-headed hydra
  4799 | Lair:5   | Noticed a death yak
  4805 | Lair:5   | Killed a seven-headed hydra
  4810 | Lair:5   | Noticed a death yak
  4836 | Lair:5   | Noticed a death yak
  4836 | Lair:5   | Killed a death yak
  4856 | Lair:5   | Killed a death yak
  4857 | Lair:5   | Noticed a death yak
  4937 | Lair:4   | Reached skill level 13 in Spellcasting
  4937 | Lair:4   | Reached skill level 10 in Fire Magic
  5129 | Lair:3   | Got a crude pewter ring
  5147 | Lair:3   | Found a shattered altar of Ashenzari.
  5155 | Lair:3   | Identified the ring "Fygoop" {+Inv +Fly rElec rC+ Int-5} (You found it on level 3 of the Lair of Beasts)
  5476 | Lair:5   | Learned a level 3 spell: Regeneration
  5500 | Lair:5   | Reached skill level 5 in Evocations
  5702 | Lair:6   | Found a staircase to the Slime Pits.
  5791 | Lair:6   | Noticed a catoblepas
  5795 | Lair:6   | Killed a catoblepas
  6088 | Lair:2   | Found a staircase to the Swamp.
  6114 | Lair:2   | Reached skill level 14 in Spellcasting
  6300 | Lair:1   | Reached XP level 13. HP: 72/72 MP: 1/33
  6652 | Orc:1    | Entered Level 1 of the Orcish Mines
  6686 | Orc:2    | Entered Level 2 of the Orcish Mines
  6744 | Orc:2    | Found a staircase to the Elven Halls.
  6784 | Orc:1    | Reached skill level 15 in Conjurations
  6894 | Orc:1    | Offered knowledge of Iron Shot by Vehumet.
  6924 | Orc:1    | Found Nuge's Armour Emporium.
  7007 | Orc:1    | Found Ozap's Antique Armour Emporium.
  7010 | Orc:1    | Bought a runed buckler for 121 gold pieces
  7010 | Orc:1    | Bought an embroidered cloak for 121 gold pieces
  7120 | Orc:2    | Found an iron altar of Okawaru.
  7267 | Orc:2    | Found Ofoditruikim's Distillery.
  7280 | Orc:2    | Reached skill level 1 in Shields
  7355 | Orc:2    | Found Itojees's General Store.
  7464 | Orc:2    | Reached skill level 15 in Spellcasting
  7737 | Orc:2    | Reached ****** piety under Vehumet
  7859 | Orc:2    | Found Niegucao's Gadget Shoppe.
  7859 | Orc:2    | Found Daublyv's Antique Armour Emporium.
  7866 | Orc:2    | Found a one-way gate leading to the halls of Pandemonium.
  7870 | Orc:2    | Bought a runed helmet for 144 gold pieces
  7922 | Orc:2    | Bought a potion of brilliance for 64 gold pieces
  7924 | Orc:2    | Bought a potion of magic for 112 gold pieces
  7924 | Orc:2    | Bought a potion of might for 56 gold pieces
  7924 | Orc:2    | Bought a potion of heal wounds for 70 gold pieces
  7924 | Orc:2    | Bought a potion of haste for 140 gold pieces
  7971 | Orc:2    | Bought a wand of digging (11/24) for 360 gold pieces
  8120 | Swamp:1  | Entered Level 1 of the Swamp
  8174 | Swamp:1  | Found a blossoming altar of Fedhas.
  8193 | Swamp:1  | Offered knowledge of Poisonous Cloud by Vehumet.
  8233 | Swamp:1  | Reached skill level 1 in Translocations
  8332 | Swamp:1  | Reached XP level 14. HP: 76/76 MP: 29/35
  8335 | Swamp:1  | Reached skill level 16 in Spellcasting
  8546 | Swamp:1  | Got a brightly glowing robe
  8569 | Swamp:1  | Identified the +1 robe of the Land of Plenty {-Tele rF++ Dex+8} (You found it on level 1 of the Swamp)
  8589 | Swamp:2  | Noticed a thorn hunter
  8593 | Swamp:2  | Killed a thorn hunter
  8653 | Swamp:2  | Noticed Louise
  8662 | Swamp:2  | Killed Louise
  8861 | Swamp:3  | Reached skill level 5 in Translocations
  9010 | Swamp:3  | Got a pitted spear
  9012 | Swamp:3  | Identified the +8 spear of Meriph {venom, *Confuse Int+5 Stlth+} (You found it on level 3 of the Swamp)
  9022 | Swamp:4  | Entered Level 4 of the Swamp
  9076 | Swamp:4  | Reached skill level 17 in Spellcasting
  9077 | Swamp:4  | Offered knowledge of Bolt of Cold by Vehumet.
  9286 | Swamp:4  | Got a decaying rune of Zot
  9397 | Snake:1  | Entered Level 1 of the Snake Pit
  9417 | Snake:1  | Reached skill level 5 in Dodging
  9433 | Snake:1  | Noticed Agnes
  9497 | Lair:3   | Killed Agnes
  9529 | Snake:1  | Reached XP level 15. HP: 80/80 MP: 30/38
  9776 | Snake:4  | Entered Level 4 of the Snake Pit
  9919 | Snake:4  | Reached skill level 18 in Spellcasting
 10054 | Snake:4  | Noticed a greater naga
 10058 | Snake:4  | Killed a greater naga
 10095 | Snake:4  | Noticed a greater naga
 10111 | Snake:4  | Killed a greater naga
 10180 | Snake:4  | Noticed a greater naga
 10187 | Snake:4  | Killed a greater naga
 10216 | Snake:4  | HP: 3/80 [naga sharpshooter/bolt (20)]
 10297 | Snake:3  | Noticed a greater naga
 10436 | Snake:4  | Offered knowledge of Bolt of Fire by Vehumet.
 10450 | Snake:4  | Learned a level 6 spell: Bolt of Fire
 10513 | Snake:4  | Noticed a greater naga
 10516 | Snake:4  | Killed a greater naga
 10523 | Snake:4  | Noticed a greater naga
 10526 | Snake:4  | Killed a greater naga
 10556 | Snake:4  | Got a serpentine rune of Zot
 10755 | Slime:1  | Entered Level 1 of the Pits of Slime
 10822 | Slime:1  | Noticed an acid blob
 10823 | Slime:1  | Killed an acid blob
 10823 | Slime:1  | Reached skill level 19 in Spellcasting
 10939 | Slime:2  | Noticed an acid blob
 10942 | Slime:2  | Noticed an acid blob
 10942 | Slime:2  | Killed an acid blob
 10942 | Slime:2  | Reached XP level 16. HP: 77/86 MP: 22/41
 10945 | Slime:2  | Noticed an acid blob
 10945 | Slime:2  | Killed an acid blob
 10946 | Slime:2  | Noticed an acid blob
 10947 | Slime:2  | Noticed an acid blob
 11008 | Slime:1  | Noticed an acid blob
 11010 | Slime:1  | Killed an acid blob
 11068 | Slime:1  | Killed an acid blob
 11141 | Slime:2  | Killed an acid blob
 11197 | Slime:2  | Killed an acid blob
 11250 | Slime:3  | Offered knowledge of Delayed Fireball by Vehumet.
 11261 | Slime:2  | Learned a level 7 spell: Delayed Fireball
 11391 | Slime:5  | Entered Level 5 of the Pits of Slime
 11402 | Slime:5  | Noticed an acid blob
 11404 | Slime:5  | Killed an acid blob
 11584 | Slime:5  | Noticed the Royal Jelly
 11586 | Slime:5  | Noticed an acid blob
 11588 | Slime:5  | Noticed an acid blob
 11591 | Slime:5  | Noticed an acid blob
 11591 | Slime:5  | Noticed an acid blob
 11593 | Slime:5  | Killed the Royal Jelly
 11593 | Slime:5  | Reached skill level 20 in Spellcasting
 11593 | Slime:5  | Killed an acid blob
 11599 | Slime:5  | Noticed an acid blob
 11600 | Slime:5  | Killed an acid blob
 11600 | Slime:5  | Killed an acid blob
 11607 | Slime:5  | Noticed an acid blob
 11609 | Slime:5  | Killed an acid blob
 11747 | Slime:5  | Noticed an acid blob
 11792 | Slime:5  | Killed an acid blob
 11795 | Slime:5  | Noticed an acid blob
 11796 | Slime:5  | Reached XP level 17. HP: 89/89 MP: 23/43
 11802 | Slime:5  | Killed an acid blob
 11836 | Slime:5  | Learned a level 7 spell: Ring of Flames
 11890 | Slime:5  | Killed an acid blob
 11961 | Slime:5  | Identified Sif Muna's Guide on Mutagenic Creation
 11965 | Slime:5  | Killed an acid blob
 11967 | Slime:5  | Got a crude leather armour
 11977 | Slime:5  | Got a slimy rune of Zot
 12028 | Slime:2  | Noticed an acid blob
 12028 | Slime:2  | Noticed an acid blob
 12053 | Slime:1  | Gained mutation: Scrolls take you a little longer to read. [a shining eye]
 12070 | Slime:1  | Noticed an acid blob
 12204 | D:11     | Learned a level 2 spell: Passwall
 12255 | D:13     | Identified the +3 leather armour of the Land of Plenty {+Blink rF+ Dex+2 SInv} (You found it on level 5 of the Pits of Slime)
 12319 | Elf:1    | Entered Level 1 of the Elven Halls
 12547 | Elf:2    | Found a runed gate.
 12548 | Elf:2    | Found a runed gate.
 12552 | Elf:2    | Found a runed gate.
 12652 | Elf:3    | Entered Level 3 of the Elven Halls
 12743 | Elf:3    | Reached skill level 21 in Spellcasting
 13074 | Elf:3    | Found a portal to a secret trove of treasure.
 13233 | Elf:3    | Offered knowledge of Orb of Destruction by Vehumet.
 13237 | Elf:3    | Noticed a deep elf master archer
 13239 | Elf:3    | Noticed a deep elf master archer
 13240 | Elf:3    | Killed a deep elf master archer
 13247 | Elf:3    | Killed a deep elf master archer
 13316 | Elf:3    | Noticed a deep elf blademaster
 13334 | Elf:3    | Killed a deep elf blademaster
 13359 | Elf:3    | Reached skill level 15 in Fire Magic
 13360 | Elf:3    | Noticed a deep elf master archer
 13364 | Elf:3    | Killed a deep elf master archer
 13369 | Elf:3    | Reached XP level 18. HP: 92/94 MP: 36/45
 13523 | Elf:3    | Got a transparent garnet amulet
 13546 | Elf:3    | Identified the amulet "Liegy" {Reflect Str+6 SH+3} (You took it off a deep elf high priest on level 3 of the Elven Halls)
 13619 | Elf:3    | Got a sparkling amber ring
 13621 | Elf:3    | Identified the ring "Ylyilesk" {-Tele rElec rF+ Str+5 SInv} (You found it on level 3 of the Elven Halls)
 13644 | Elf:3    | Identified the +2 leather armour of Wiocronir {-Tele +Fly rPois Regen+} (You found it on level 3 of the Elven Halls)
 13656 | Elf:3    | Identified the Volume of Noxious Flight
 13660 | Elf:3    | Got a slimy tin ring
 13662 | Elf:3    | Identified the ring of the Illusory Realms {Ice -Tele rN++ Dex+5 Stlth-} (You found it on level 3 of the Elven Halls)
 13691 | Elf:3    | Got a clouded copper ring
 13693 | Elf:3    | Identified the ring "Ihedejong" {*Corrode +Fly rPois Str+3 Int+5} (You found it on level 3 of the Elven Halls)
 13695 | Elf:3    | Identified the Compendium of Warped Ice
 13699 | Elf:3    | Learned a level 1 spell: Apportation
 13713 | Elf:3    | Got a smoking lead ring
 13715 | Elf:3    | Identified the ring of Yfiadgh {Wiz Int+2 Slay+2} (You found it on level 3 of the Elven Halls)
 13960 | D:13     | Found a gate to the Vaults.
 13966 | D:13     | Reached skill level 22 in Spellcasting
 14007 | D:13     | Learned a level 6 spell: Deflect Missiles
 14022 | Vaults:1 | Entered Level 1 of the Vaults
 14056 | Vaults:1 | Offered knowledge of Lehudib's Crystal Spear by Vehumet.
 14056 | Vaults:1 | Offered knowledge of Fire Storm by Vehumet.
 14056 | Vaults:1 | Offered knowledge of Chain Lightning by Vehumet.
 14088 | D:13     | Learned a level 9 spell: Fire Storm
 14175 | Vaults:2 | Noticed a lich
 14175 | Vaults:2 | Killed a lich
 14178 | Vaults:2 | Reached skill level 23 in Spellcasting
 14345 | Vaults:3 | Found a flickering gateway to a bazaar.
 14359 | Vaults:3 | Engulfed by a cloud of freezing vapour

Vault maps used:
D:1:      evilmike_arrival_fibonacci_small
D:2:      st_stairs_11, minmay_pentomino_w2
D:3:      amethyst_overflow_temple_binary, ecumenical_altar_1
D:4:      minmay_shop_grid_forest, guppyfry_early_lair_pool
D:5:      first_bread, uniq_crazy_yiuf_cottage, uniq_blork_the_orc
D:6:      lemuel_crystal_altar, nicolae_qazlal_eye_of_the_storm, uniq_sigmund
D:8:      gup_ossuary_entry_pyramid, grunt_livestock,
          nicolae_tso_carved_into_rock
D:9:      serial_shops, shop, nicolae_looking_at_the_future
D:10:     dpeg_lair_monsters
D:11:     serial_shops, nicolae_shop_crystal
D:12:     orc_0_dummy, lightli_bailey_entry_fortress, basic_altar, minivault_4
D:13:     lightli_vaults_fourway_checkpoint, portal_ice_cave_entry_pillars_2,
          uniq_rupert
Temple:   hc_temple_tempest_star
Lair:1:   lemuel_fruit_fields, grunt_megastairs_3
Lair:2:   minmay_swamp_entry_swarm, serial_bayou_shore_a, grunt_megastairs_5
Lair:3:   dummy_snake_entry, basic_altar, ice2_lemuel
Lair:4:   boulder_dual_corridor_run, minmay_lindwurm_lava, lemuel_fruit_fields
Lair:5:   st_stairs_8, minmay_lair_drake_nest, infiniplex_staircase_pool,
          grunt_megastairs_4
Lair:6:   minmay_lair_end_enchanted_forest, dpeg_slime_entry_corner
Swamp:1:  basic_altar
Swamp:2:  evilmike_swamp_ruin_house_2, swamp_pool3, uniq_louise
Swamp:3:  hangedman_swamp_ruin_wall
Swamp:4:  swamp
Snake:1:  uniq_agnes
Snake:2:  special_room, serial_shops, nicolae_shop_trees
Snake:3:  uniq_bai_suzhen, uniq_vashnia
Snake:4:  snake_pit, stair_cage_line
Slime:3:  nicolae_slime_phagocytosis
Orc:1:    serial_shops, nicolae_shop_window_shopping, shop
Orc:2:    pf_orc_diabolical, okawaru_metal_pillars_1_2
Elf:1:    hangedman_elf_represent
Elf:2:    spider_trap
Elf:3:    minmay_elf_hall_circle, nicolae_trove_entry_crystal, spider_trap,
          st_stairs_6, feat_on_display
Vaults:1: v_alt_pattern_2, hangedman_vaults_corner_blocks,
          nicolae_vaults_alarming, vaults_mumra_hex, ontoclasm_vaults_chip,
          vaults_standard_mumra_x, hangedman_vaults_variations, st_lattice,
          vaults_room_pools, nicolae_vaults_gold_heap, ontoclasm_vaults_pinch
Vaults:2: dpeg_vaults_pockets_of_resistance, ontoclasm_vaults_twist,
          nicolae_vaults_what_the_h, nicolae_vaults_big_ls,
          grunt_vaults_diagonal, nicolae_vaults_mini_display_case,
          nicolae_vaults_specimen_jars, vaults_room_grunt_arrival_checkpoint,
          nicolae_vaults_sealed_display, hangedman_vaults_river_flow,
          vaults_room_fancy_cross, hangedman_vaults_impose, v_misc_13,
          ontoclasm_vaults_gateway, vaults_dpeg_doors, nicolae_vaults_rhombus_7,
          basic_altar, serial_shops, shop
Vaults:3: v_misc_19, vaults_mumra_chevron, v_misc_14, hangedman_vaults_slither,
          hangedman_vaults_hat, nicolae_vaults_little_squares_2,
          hangedman_vaults_stagger, minmay_crypt_entry_necro_gods, v_misc_11,
          vaults_room_corners, nicolae_vaults_know_your_exits,
          hangedman_vaults_maws, serial_shops, freezing_bzr
Ossuary:  ossuary_crypta
Bailey:   bailey_axe_1, bailey

Skill      XL: |  1  2  3  4  5  6  7  8  9 10 11 12 13 14 15 16 17 18 |
---------------+-------------------------------------------------------+-----
Conjurations   | 5 6 7 8 10 12 13 14 15 17 18 19 20 | 20.0
Spellcasting   | 4 5 6 8 9 11 12 14 15 17 19 20 21 23 | 23.2
Charms         | 2 3 5 7 |  7.0
Fighting       | 1 3 4 |  4.5
Fire Magic     | 5 9 10 12 15 17 | 17.7
Evocations     | 3 6 7 8 |  8.7
Shields        | 4 |  4.1
Translocations | 1 5 |  5.9
Dodging        | 5 8 |  8.5
Stealth        | |  2.4

Action                   |  1- 3 |  4- 6 |  7- 9 | 10-12 | 13-15 | 16-18 || total
-------------------------+-------+-------+-------+-------+-------+-------++-------
Melee: Short sword       |    25 |     3 |       |       |       |       ||    28
       Falchion          |       |    11 |       |       |       |       ||    11
       Scythe            |       |     6 |    31 |       |       |       ||    37
       Battleaxe         |       |       |    15 |    20 |       |       ||    35
       War axe           |       |       |     8 |       |       |       ||     8
       Staff             |       |       |       |     6 |       |       ||     6
       Spear             |       |       |       |       |     3 |       ||     3
 Fire: Blowgun           |       |       |       |     2 |       |       ||     2
 Cast: Magic Dart        |    20 |    18 |    91 |   302 |   368 |   133 ||   932
       Searing Ray       |     6 |     9 |    20 |    23 |    18 |    13 ||    89
       Iskenderun's Batt |       |     1 |    18 |    77 |   107 |    52 ||   255
       Iskenderun's Myst |       |       |     2 |    64 |   153 |    68 ||   287
       Bolt of Magma     |       |       |       |     3 |    90 |       ||    93
       Regeneration      |       |       |       |       |    42 |    27 ||    69
       Passage of Golubr |       |       |       |       |    25 |    25 ||    50
       Bolt of Fire      |       |       |       |       |    23 |   151 ||   174
       Delayed Fireball  |       |       |       |       |       |     4 ||     4
       Ring of Flames    |       |       |       |       |       |     5 ||     5
       Passwall          |       |       |       |       |       |     3 ||     3
       Fire Storm        |       |       |       |       |       |    15 ||    15
 Abil: Release Delayed F |       |       |       |       |       |     4 ||     4
Evoke: Wand              |       |       |       |     3 |     1 |     6 ||    10
       Fan of gales      |       |       |       |     1 |     3 |     3 ||     7
       Staff of energy   |       |       |       |    27 |   457 |   257 ||   741
       Lamp of fire      |       |       |       |       |     3 |     2 ||     5
  Use: Scroll            |     1 |     5 |    10 |    12 |     5 |    17 ||    50
       Potion            |     1 |     2 |     8 |     4 |     5 |     2 ||    22
 Stab: Sleeping          |     3 |       |       |       |       |       ||     3
  Eat: Chunk             |       |       |     5 |    29 |    32 |    16 ||    82
       Beef jerky        |       |       |     1 |       |       |     1 ||     2
       Meat ration       |       |       |     1 |       |       |       ||     1
       Pizza             |       |       |       |       |     3 |       ||     3
       Bread ration      |       |       |       |       |     1 |     2 ||     3
       Fruit             |       |       |       |       |     1 |       ||     1
Armor: Robe              |     9 |     8 |    29 |    24 |    87 |    20 ||   177
       Skin              |       |       |    41 |       |       |       ||    41
       Troll hide        |       |       |     1 |    37 |    10 |       ||    48
       Scale mail        |       |       |       |     6 |       |       ||     6
Dodge: Dodged            |    34 |    30 |    67 |   128 |   158 |   103 ||   520
Block: Buckler           |       |       |       |       |    54 |    38 ||    92
       Reflection        |       |       |       |       |       |     1 ||     1
